 Dungeon Crawl Stone Soup version 0.23.0 (webtiles) character file.

Game seed: 18400221424316201591

1425 Monsterracer the Slasher (level 8, -8/48 HPs)
             Began as a Deep Elf Berserker on Feb 18, 2019.
             Was an Elder of Trog.
             Mangled by an orc warrior
             ... wielding a +0 halberd
              (12 damage)
             ... on level 6 of the Dungeon.
             The game lasted 00:06:39 (8109 turns).

Monsterracer the Slasher (Deep Elf Berserker)       Turns: 8109, Time: 00:06:40

Health: -8/48      AC:  5    Str: 10    XL:     8   Next: 44%
Magic:  10/10      EV: 14    Int: 13    God:    Trog [****..]
Gold:   303        SH:  0    Dex: 15    Spells: 7/7 levels left

rFire    + . .     SeeInvis .   a - +1 falchion
rCold    + . .     Gourm    .   (no shield)
rNeg     . . .     Faith    +   b - +0 ring mail
rPois    +         Spirit   .   (no helmet)
rElec    .         Reflect  .   (no cloak)
rCorr    .         Harm     .   (no gloves)
MR       +++..                  (no boots)
Stlth    +.........             d - amulet of faith
HPRegen  1.16/turn              m - ring "Badohugo" {*Drain rF+ rC+ MR+ Str-5} (curse)
MPRegen  0.12/turn              P - ring of poison resistance

@: regenerating
A: no striking features
a: Berserk, Trog's Hand, Brothers in Arms, Renounce Religion


You were on level 6 of the Dungeon.
You worshipped Trog.
Trog was greatly pleased with you.
You were not hungry.

You visited 1 branch of the dungeon, and saw 6 of its levels.
You also visited: Ossuary.

You collected 303 gold pieces.

Inventory:

Hand Weapons
 a - a +1 falchion (weapon)
Armour
 b - a +0 ring mail (worn)
 n - a +0 pair of gloves
Jewellery
 d - an amulet of faith (around neck)
 h - an uncursed ring of positive energy
 m - the cursed ring "Badohugo" (left hand) {*Drain rF+ rC+ MR+ Str-5}
   (You found it on level 5 of the Dungeon)

   [ring of strength]

   It affects your strength (-5).
   It protects you from fire.
   It protects you from cold.
   It affects your resistance to hostile enchantments.
   It causes draining when unequipped.
   It has a curse placed upon it.
 P - a ring of poison resistance (right hand)
Scrolls
 r - 4 scrolls of remove curse
 s - a scroll of summoning {!r}
 t - 4 scrolls of teleportation {!r}
Potions
 e - 5 potions of curing
 g - 2 potions of agility
 i - a potion of ambrosia {!q}
 j - a potion of might
 k - a potion of flight
 l - 2 potions of cancellation
Comestibles
 c - 6 rations
 f - a chunk of flesh


   Skills:
 + Level 4.9 Fighting
 * Level 7.3 Long Blades
 - Level 1.5 Armour
 + Level 6.6 Dodging


You had 7 spell levels left.
You didn't know any spells.
Your spell library was empty.

Dungeon Overview and Level Annotations

Branches:
Dungeon (6/15)             Temple (0/1) D:5

Altars:
Ashenzari
Gozag
Hepliaklqana
Makhleb
Sif Muna
Uskayaw
Wu Jian

Shops:
D:4 [


Message History

The gnoll is heavily wounded.
The gnoll closely misses you. x2
You hit the gnoll.
The gnoll is heavily wounded.
The gnoll misses you.
You slash the gnoll!
You kill the gnoll!
Trog accepts your kill. The gnoll closely misses you.
The gnoll hits you but does no damage.
Things that are here:
a cursed -2 halberd; a gnoll corpse You slash the gnoll!
The gnoll is severely wounded.
The gnoll closely misses you.
You riposte.
You slash the gnoll!
You kill the gnoll!
Trog accepts your kill. The gnoll hits you with a +0 spear.
You take 3 damage, and have 53/72 hp.
You closely miss the gnoll. The gnoll closely misses you.
You slash the gnoll!
The gnoll is almost dead.
You slash the gnoll!
You kill the gnoll!
Trog accepts your kill.
You see here a +0 spear.
You feel a strong urge to attack something.
You are no longer berserk.
You are exhausted.
You feel yourself slow down.
Things that are here:
a +0 spear; a gnoll corpse You now have 36/48 hp.
Things that are here:
a cursed -2 halberd; a gnoll corpse You start resting.
You start resting.
You feel yourself speed up.
You regained 8 hp, and now have 44/48 hp.
You recover from your berserk rage.
HP restored.
Things that are here:
a +0 spear; a gnoll corpse You see here a +0 spear.
Key pressed, stopping explore.
You are feeling hungry.
You butcher the gnoll corpse.
f - 2 chunks of flesh
Things that are here:
a +0 spear; a gnoll skeleton
Things that are here:
a +0 spear; a gnoll skeleton Eating one of 2 chunks of flesh.
You eat one of the 2 chunks of flesh.
This raw flesh tastes terrible.
Things that are here:
a cursed -2 halberd; a gnoll corpse
Things that are here:
a +0 club; a +0 robe
Things that are here:
a +0 whip; a gnoll corpse Key pressed, stopping explore.
Found a scale mail.
Health restored: 48
c - 6 rations (gained 1)
You see here a robe.
Found a pair of gloves and 19 arrows.
No target in view!
Found an escape hatch in the floor.
No target in view!
r - 4 scrolls of remove curse (gained 1)
An orc warrior comes into view. It is wielding a +0 halberd.
The orc warrior shouts!
You hear a shout! x2
An orc priest comes into view. It is wielding a +0 hand axe.
An orc priest and an orc wizard come into view.
The orc priest shouts!
The orc wizard shouts!
The orc priest shouts!
An orc priest comes into view. It is wielding a +0 dagger.
The orc priest begins to cast a cantrip, but forgets the words!
Found a brown potion.
You see here a pair of gloves.
n - a pair of gloves The orc priest looks braver for a moment.
The orc warrior hits you from afar with a +0 halberd!
You take 9 damage, and have 39/48 hp.
The orc priest casts a cantrip, but nothing happens.
The orc priest mumbles some strange prayers to Beogh against you.
Beogh smites you!
You take 11 damage, and have 29/48 hp.
MASSIVE DAMAGE!!
The orc priest mumbles some strange prayers to Beogh against you.
Beogh smites you!
* * * LOW HITPOINT WARNING * * *
You take 14 damage, and have 15/48 hp.
MASSIVE DAMAGE!!
Unknown command.
The orc priest calls down the wrath of Beogh upon you.
Beogh smites you!
* * * LOW HITPOINT WARNING * * *
You take 13 damage, and have 3/48 hp.
MASSIVE DAMAGE!!
Your skin crawls.
You feel resistant to hostile enchantments.
You feel somewhat more hungry.
The orc warrior hits you from afar with a +0 halberd!
You die...

#.#.##))........#....#
#......
#.#.##)###......#....#
....... #.#.##)#
##.#####..(.##o......
#.#.##)# #.#
#......oo.......
#.#.##.# #.#
#o#.>..##.......
#.#.##.####.# #.######
.o..... #.#.........#
#.# .......
#.#..#.########o######
#######
#.#..#.##....@.[.....#
#.#..#.##.#####.####.#
#.#..#.........[#
#.#..####.#######
####..........#
.........###..#
#....#.### #..#
#....#.# #..# #....#.#
#..#


You could see an orc warrior.

Vanquished Creatures
  A hippogriff (D:3)
  2 phantoms
  2 ogres
  A scorpion (D:5)
  A howler monkey (D:4)
  2 centaur zombies
  7 crimson imps
  A hound (D:5)
  An orc priest (D:3)
  A gnoll shaman (D:6)
  3 iguanas
  2 worker ants (D:5)
  A big kobold zombie (Ossuary)
  A hound skeleton (D:4)
  4 gnolls (D:6)
  4 adders
  2 adder skeletons
  A worm (D:2)
  4 dart slugs
  2 leopard geckos
  8 orcs
  5 giant cockroaches
  4 goblins
  6 hobgoblins
  7 kobolds
  2 quokkas
  2 ball pythons
  10 bats
  7 frilled lizards
  A goblin zombie (Ossuary)
  6 hobgoblin zombies (Ossuary)
  A jackal skeleton (D:4)
  A jackal zombie (Ossuary)
  5 kobold zombies (Ossuary)
  11 orc zombies (Ossuary)
  A quokka skeleton (D:4)
  11 rats
131 creatures vanquished.

Vanquished Creatures (collateral kills)
  2 elf zombies (Ossuary)
  2 mummies (Ossuary)
  A goblin zombie (Ossuary)
  2 hobgoblin zombies (Ossuary)
  A jackal zombie (Ossuary)
  3 kobold zombies (Ossuary)
  A rat zombie (Ossuary)
12 creatures vanquished.

Grand Total: 143 creatures vanquished

Notes
Turn   | Place    | Note
-------+----------+-------------------------------------------
     0 | D:1      | Monsterracer the Deep Elf Berserker began the quest for the
                  | Orb.
     0 | D:1      | Reached XP level 1. HP: 13/13 MP: 3/3
   254 | D:1      | HP: 4/19 [kobold/+0 short sword (6)]
   255 | D:1      | HP: 1/19 [kobold/+0 short sword (3)]
   563 | D:1      | HP: 6/13 [frilled lizard (1)]
   726 | D:1      | Reached skill level 3 in Long Blades
   759 | D:1      | Reached XP level 2. HP: 18/18 MP: 4/4
  1266 | D:2      | Reached ** piety under Trog
  1356 | D:2      | Reached XP level 3. HP: 20/22 MP: 5/5
  1500 | D:2      | Reached XP level 4. HP: 27/27 MP: 6/6
  1876 | D:2      | HP: 14/28 [kobold/+0 short sword (2)]
  2172 | D:2      | Reached skill level 4 in Long Blades
  2878 | D:3      | Noticed a hippogriff
  2887 | D:3      | Killed a hippogriff
  2887 | D:3      | Reached XP level 5. HP: 32/32 MP: 7/7
  2887 | D:3      | Reached XP level 6. HP: 37/37 MP: 8/8
  2889 | D:3      | Found a shattered altar of Ashenzari.
  3026 | D:3      | Reached skill level 5 in Long Blades
  3027 | D:3      | Reached *** piety under Trog
  3354 | D:3      | Found a hazy altar of Hepliaklqana.
  3704 | D:4      | HP: 16/37 [iguana (7)]
  3952 | D:4      | Found a sand-covered staircase.
  3958 | Ossuary  | Entered an ossuary
  4066 | Ossuary  | Reached **** piety under Trog
  4113 | Ossuary  | HP: 8/37 [mummy (11)]
  4115 | Ossuary  | HP: 1/37 [centaur zombie (3)]
  4145 | Ossuary  | Reached skill level 5 in Dodging
  4145 | Ossuary  | Reached XP level 7. HP: 27/42 MP: 9/9
  4346 | D:4      | HP: 20/42 [ogre/+0 giant club (22)]
  4570 | D:4      | Found Yruseff's Armour Shoppe.
  4784 | D:4      | Found a burning altar of Makhleb.
  4784 | D:4      | Found a faded altar of an unknown god.
  4789 | D:4      | Found a hide-covered altar of Uskayaw.
  4791 | D:4      | Found a deep blue altar of Sif Muna.
  4793 | D:4      | Found a faded altar of an unknown god.
  4998 | D:4      | Found an opulent altar of Gozag.
  5098 | D:5      | Entered Level 5 of the Dungeon
  5204 | D:5      | Reached skill level 6 in Long Blades
  5347 | D:5      | HP: 19/43 [scorpion (6)]
  5729 | D:5      | Found an ornate altar of the Wu Jian Council.
  6132 | D:5      | HP: 20/44 [centaur zombie (4)]
  6138 | D:5      | HP: 12/44 [centaur zombie (6)]
  6147 | D:5      | HP: 17/66 [centaur zombie (3)]
  6149 | D:5      | Reached XP level 8. HP: 19/48 MP: 10/10
  6383 | D:4      | HP: 34/72 [iguana (10)]
  6597 | D:5      | Reached skill level 7 in Long Blades
  6687 | D:5      | Found a staircase to the Ecumenical Temple.
  7311 | D:5      | Got a serpentine ivory ring
  7540 | D:6      | Identified the cursed ring "Badohugo" {*Drain rF+ rC+ MR+
                  | Str-5} (You found it on level 5 of the Dungeon)
  7587 | D:6      | HP: 24/48 [phantom (4)]
  8103 | D:6      | HP: 15/48 [orc priest/divine providence (14)]
  8106 | D:6      | HP: 3/48 [orc priest/divine providence (13)]
  8109 | D:6      | Mangled by an orc warrior

Skill      XL: |  1  2  3  4  5  6  7  8 |
---------------+-------------------------+-----
Long Blades    | 3 4 5 6 7 |  7.3
Dodging        | 3 4 5 6 |  6.6
Fighting       | 3 4 |  4.9
Armour         | |  1.5

Action                   |  1- 3 |  4- 6 |  7- 9 || total
-------------------------+-------+-------+-------++-------
Melee: Falchion          |    90 |   178 |   301 ||   569
Invok: Berserk           |     2 |     5 |     6 ||    13
       Trog's Hand       |       |     1 |     1 ||     2
       Brothers in Arms  |       |     1 |       ||     1
  Use: Scroll            |       |     9 |     4 ||    13
       Potion            |       |     1 |       ||     1
 Stab: Sleeping          |     2 |     2 |       ||     4
  Eat: Chunk             |     3 |    13 |     7 ||    23
       Ration            |       |     1 |     3 ||     4
Armor: Animal skin       |    13 |    20 |       ||    33
       Ring mail         |       |    34 |    56 ||    90
Dodge: Dodged            |    66 |   143 |   175 ||   384
       Rpst.: Falchion   |    18 |    54 |    49 ||   121

Levels and vault maps discovered:
D:1:      minmay_arrival_shattered_statue, layout_basic
D:2:      layout_loops_ring
D:3:      layout_loops_ring, lemuel_doored_altar, marbit_many_paths
D:4:      layout_basic, kennysheep_little_box,
          chequers_temple_overflow_minitemple, serial_shops,
          nicolae_shop_crystal, enter_ossuary_5, grunt_decor_one_mirror,
          minmay_close_crescents
D:5:      layout_layer_cave, temple_pool_b, first_ration, skrybe_limestone_x,
          kennysheep_flooded_box, saegor_snake_ambush
D:6:      layout_basic, lemuel_crystal_altar, minitemple
Ossuary:  ossuary_tomb_1
